 Dungeon Crawl Stone Soup version 0.30-a0-219-gf2db51d15e (webtiles) character file.

Game seed: 16878771780235640395

3914 Pooter the Cleaver (level 10, -2/91 HPs)
             Began as a Minotaur Berserker on Oct 7, 2022.
             Was a Priest of Trog.
             Slain by a troll (9 damage)
             ... on level 8 of the Dungeon.
             The game lasted 00:33:34 (8281 turns).

Pooter the Cleaver (Minotaur Berserker)             Turns: 8281, Time: 00:33:35

Health: -2/91      AC: 11    Str: 23    XL:     10   Next: 1%
Magic:  9/9        EV: 13    Int:  6    God:    Trog [***...]
Gold:   526        SH:  0    Dex: 16    Spells: 9/9 levels left

rFire   . . .      SeeInvis +    a - +2 flail of Moderation {flame, rC+ Will+}
rCold   + . .      Faith    .    (no shield)
rNeg    . . .      Spirit   .    h - +0 chain mail
rPois   .          Reflect  .    (helmet restricted)
rElec   .          Harm     .    (no cloak)
rCorr   .          Rampage  .    y - +0 pair of gloves
Will    +++..                    s - +0 pair of boots
Stlth   ..........               (no amulet)
HPRegen 1.35/turn                g - ring of Pukyitud {Dex+5 SInv}
MPRegen 0.11/turn                x - +4 ring of evasion

@: strong-willed, on berserk cooldown, regenerating, slowed, very slow
A: horns 2, retaliatory headbutt
a: Renounce Religion, Berserk, Trog's Hand


You were on level 8 of the Dungeon.
You worshipped Trog.
Trog was most pleased with you.
You visited 1 branch of the dungeon, and saw 8 of its levels.

You collected 526 gold pieces.

Inventory:

Hand Weapons
 a - the +2 flail of Moderation (weapon) {flame, rC+ Will+}
   (You found it on level 4 of the Dungeon)

   It burns those it strikes, dealing additional fire damage.
   rC:        It protects you from cold.
   Will:      It increases your willpower.
 b - a +3 sling of flaming
   (You found it on level 5 of the Dungeon)
 r - a +1 hand axe of draining
   (You found it on level 3 of the Dungeon)
Missiles
 l - 13 poisoned darts (quivered)
 A - a throwing net {!f}
 B - a curare-tipped dart
 Q - 63 stones
Armour
 h - a +0 chain mail (worn)
   (You found it on level 3 of the Dungeon)
 s - a +0 pair of boots (worn)
   (You found it on level 5 of the Dungeon)
 y - a +0 pair of gloves (worn)
   (You found it on level 8 of the Dungeon)
Jewellery
 g - the ring of Pukyitud (left hand) {Dex+5 SInv}
   (You found it on level 3 of the Dungeon)

   [ring of see invisible]

   Dex:       It affects your dexterity (+5).
   SInv:      It lets you see invisible.
 i - a ring of flight
   (You found it on level 8 of the Dungeon)
 j - a ring of magical power
   (You found it on level 3 of the Dungeon)
 x - a +4 ring of evasion (right hand)
   (You found it on level 7 of the Dungeon)
 F - a ring of protection from fire
   (You found it on level 5 of the Dungeon)
 I - a ring of protection from cold
   (You found it on level 6 of the Dungeon)
Wands
 n - a wand of polymorph (6)
   (You found it on level 5 of the Dungeon)
 o - a wand of roots (7)
   (You found it on level 5 of the Dungeon)
 u - a wand of paralysis (7)
   (You found it on level 6 of the Dungeon)
Scrolls
 f - a scroll of enchant armour
 k - 2 scrolls of immolation {!r}
 w - a scroll of blinking {unknown}
Potions
 c - 2 potions of curing {unknown}
 d - 2 potions of brilliance {unknown}
 m - 2 potions of lignification {unknown}
 p - 3 potions of mutation {unknown}
 q - a potion of heal wounds {unknown}
 z - a potion of attraction {unknown}
 C - a potion of flight {unknown}


   Skills:
 + Level 9.1 Fighting
 + Level 11.6(11.9) Axes
 + Level 3.3(8.2) Maces & Flails
 * Level 7.2 Ranged Weapons
 + Level 3.5 Armour
 - Level 2.1 Dodging
 + Level 3.1 Evocations


You had 9 spell levels left.
You didn't know any spells.
Your spell library was empty.

Dungeon Overview and Level Annotations

Branches:
Dungeon (8/15)             Temple (0/1) D:6
   Lair: D:8-11

Altars:
Elyvilon
Sif Muna
Uskayaw

Shops:
D:5 :


Innate Abilities, Weirdness & Mutations

You have a pair of horns on your head.
You reflexively headbutt those who attack you in melee.


Message History

The gnoll sergeant misses you.
You closely miss the troll. The troll bites you but does no damage.
The troll closely misses you. The troll claws you!
* * * LOW HITPOINT WARNING * * *
The gnoll hits you from afar with a +0 spear.
* * * LOW HITPOINT WARNING * * *
The gnoll hits you with a +0 flail!
* * * LOW HITPOINT WARNING * * *
The gnoll sergeant completely misses you.
The gnoll hits you with a +0 flail.
* * * LOW HITPOINT WARNING * * *
The gnoll hits you from afar with a +0 spear.
* * * LOW HITPOINT WARNING * * *
The troll barely misses you. x2; The troll closely misses you.
The gnoll sergeant hits you from afar with a +0 spear.
* * * LOW HITPOINT WARNING * * *
As you read the scroll of fear, it crumbles to dust.
You assume a fearsome visage.
The troll looks frightened!
The gnoll sergeant looks frightened!
The gnoll looks frightened! x2
As you read the scroll of teleportation {@r4}, it crumbles to dust.
You feel strangely unstable.
Found a stone staircase leading up.
Your surroundings suddenly seem different.
There is an open door here.
You start resting.
The troll gibbers meaninglessly.
A troll is nearby!
You close the door.
Your skin crawls.
You feel strong-willed.
You start resting.
A troll is nearby!
The troll bites you!
* * * LOW HITPOINT WARNING * * *
The troll barely misses you. x2
You barely miss the troll. You headbutt the troll. The troll bites you!
* * * LOW HITPOINT WARNING * * *
The troll barely misses you. The troll claws you but does no damage.
The troll closely misses you. You furiously retaliate!
You headbutt the troll! The troll claws you.
* * * LOW HITPOINT WARNING * * *
The troll closely misses you.
You closely miss the troll. The troll closely misses you.
The troll completely misses you. The troll closely misses you.
Unknown command.
You hit the troll. You burn the troll. Your headbutt misses the troll.
The troll barely misses you. x2; The troll closely misses you.
The troll misses you. You furiously retaliate!
You headbutt the troll! The troll claws you!
You die...

##+##.......T.....T............
#..........................
#..........................
#..........................
#########'######...........
#...(.........#...........
#.............)......).... #
##..(.###T##..#...........
#.###....##.@#####.).........
.........#.......#...........
........)#.......#...........
#.###..)#######..#........... #
##.))###.###..#...........
#.............#....g.g...
#.............#.........
###############


You could see a troll.

Vanquished Creatures
  Maurice (D:8)
  A komodo dragon (D:6)
  Grinder (D:3)
  2 wyverns
  A steam dragon (D:7)
  An acid dragon (D:5)
  An ice beast (D:5)
  2 black bears
  2 ogres
  A kobold brigand (D:7)
  2 bullfrogs (D:7)
  A necrophage (D:5)
  A gnoll sergeant (D:8)
  4 scorpions
  4 wights (D:7)
  9 killer bees
  A howler monkey (D:5)
  5 hounds
  2 jellies (D:5)
  An orc priest (D:4)
  A gnoll bouda (D:4)
  6 iguanas
  2 orc wizards (D:4)
  17 gnolls
  6 adders
  3 shadow imps
  2 white imps
  2 ufetubi
  2 worms
  11 dart slugs
  10 orcs
  10 ball pythons
  10 endoplasms
  4 giant cockroaches
  10 hobgoblins
  3 jackals (D:2)
  10 kobolds
  5 quokkas
  4 bats (D:1)
  6 frilled lizards
  6 goblins
  4 rats
177 creatures vanquished.

Vanquished Creatures (collateral kills)
  A bullfrog (D:8)
1 creature vanquished.

Vanquished Creatures (others)
  A quokka (D:3)
1 creature vanquished.

Grand Total: 179 creatures vanquished

Notes
Turn   | Place    | Note
-------+----------+-------------------------------------------
     0 | D:1      | Pooter the Minotaur Berserker began the quest for the Orb.
     0 | D:1      | Reached XP level 1. HP: 19/19 MP: 0/0
   145 | D:1      | Reached skill level 4 in Axes
   212 | D:1      | Reached XP level 2. HP: 16/27 MP: 1/1
   631 | D:1      | Reached XP level 3. HP: 32/33 MP: 2/2
   754 | D:1      | Reached ** piety under Trog
   759 | D:1      | Reached skill level 5 in Axes
  1345 | D:2      | Reached XP level 4. HP: 41/41 MP: 3/3
  1939 | D:3      | Found a faded altar of an unknown god.
  2149 | D:3      | Found a white marble altar of Elyvilon.
  2322 | D:3      | Reached skill level 6 in Axes
  2322 | D:3      | Reached XP level 5. HP: 47/47 MP: 4/4
  2410 | D:3      | Reached skill level 5 in Fighting
  2521 | D:3      | Identified the ring of Pukyitud {Dex+5 SInv}
  2664 | D:3      | Noticed Grinder
  2679 | D:3      | Paralysed by Grinder for 3 turns
  2702 | D:3      | Paralysed by Grinder for 5 turns
  2708 | D:3      | Killed Grinder
  2709 | D:3      | Reached skill level 7 in Axes
  2709 | D:3      | Reached XP level 6. HP: 49/57 MP: 5/5
  3006 | D:3      | Reached skill level 8 in Axes
  3100 | D:4      | Reached XP level 7. HP: 63/63 MP: 6/6
  3234 | D:4      | You fall into a shaft and drop 1 floor!
  3234 | D:5      | Entered Level 5 of the Dungeon
  3314 | D:5      | Noticed a wyvern
  3324 | D:5      | Killed a wyvern
  3325 | D:5      | Reached skill level 9 in Axes
  3426 | D:5      | Found Jeci's Book Boutique.
  3461 | D:4      | Identified the +2 flail of Moderation {flame, rC+ Will+}
  3593 | D:4      | Found a hide-covered altar of Uskayaw.
  3593 | D:4      | Noticed a +0 hand axe
  3594 | D:4      | Noticed a +0 hand axe
  3971 | D:5      | Reached skill level 1 in Ranged Weapons
  4085 | D:5      | Reached XP level 8. HP: 66/73 MP: 7/7
  4298 | D:5      | Reached skill level 10 in Axes
  4626 | D:6      | Reached *** piety under Trog
  4944 | D:6      | Found a staircase to the Ecumenical Temple.
  5058 | D:6      | Reached skill level 1 in Evocations
  5132 | D:6      | Noticed a komodo dragon
  5139 | D:6      | Killed a komodo dragon
  5140 | D:6      | Reached skill level 11 in Axes
  5140 | D:6      | Reached skill level 5 in Ranged Weapons
  5140 | D:6      | Reached XP level 9. HP: 82/82 MP: 8/8
  5797 | D:7      | Reached skill level 1 in Maces & Flails
  7851 | D:8      | Found a shimmering blue altar of Sif Muna.
  8248 | D:8      | Noticed Maurice
  8250 | D:8      | Noticed a troll
  8252 | D:8      | Killed Maurice
  8253 | D:8      | Reached XP level 10. HP: 91/91 MP: 9/9
  8279 | D:8      | HP: 3/91 [troll (5)]
  8281 | D:8      | Slain by a troll

Illustrated notes

Levels and vault maps discovered:
D:1:      minmay_arrival_arboretum_small, layout_basic,
          minmay_misc_feat_nine_boxes, st_stairs_4
D:2:      layout_basic
D:3:      layout_basic, elyvilon_altar_4, nicolae_ecumenical_oubliette,
          minmay_fractal_squares_5, uniq_grinder
D:4:      layout_rooms, dancing_weapons_uskayaw
D:5:      cheibrodos_barr_body, layout_loops_ring, serial_shops,
          nicolae_diamond_shop
D:6:      kennysheep_slugbush, layout_gridville, minmay_temple_entry_junction_2,
          chequers_mini_garden
D:7:      layout_basic
D:8:      layout_gridville, old_standard_altar, enter_bailey_4,
          lightli_orcish_oven, uniq_maurice

Skill      XL: |  1  2  3  4  5  6  7  8  9 |
---------------+----------------------------+-----
Axes           | 4 5 6 7 8 9 11 | 11.6
Fighting       | 4 5 6 7 8 9 |  9.1
Ranged Weapons | 1 5 7 |  7.2
Evocations     | 1 3 |  3.1
Maces & Flails | 3 |  3.3
Armour         | 3 |  3.5
Dodging        | |  2.1

Action                   |  1- 3 |  4- 6 |  7- 9 | 10-12 || total
-------------------------+-------+-------+-------+-------++-------
Melee: Hand axe          |    84 |    96 |    29 |       ||   209
       Headbutt          |    16 |    15 |    28 |     2 ||    61
       Punch             |       |     2 |     1 |       ||     3
       Flail             |       |       |   119 |     8 ||   127
 Fire: Sling             |       |       |    91 |       ||    91
Throw: Dart              |       |     3 |     1 |       ||     4
Invok: Berserk           |     3 |     4 |     6 |       ||    13
       Trog's Hand       |       |     3 |     5 |     1 ||     9
Evoke: Wand              |       |       |     3 |       ||     3
  Use: Scroll            |       |     4 |     7 |     2 ||    13
Armor: Animal skin       |    15 |     1 |       |       ||    16
       Chain mail        |       |    43 |    56 |    10 ||   109
Dodge: Dodged            |    36 |    54 |   108 |    32 ||   230

Table legend: (Time is in decaauts)
 A = Elapsed time spent in this place.
 B = Non-inter-level travel time spent in this place.
 C = Inter-level travel time spent in this place.
 D = Time resting spent in this place.
 E = Time spent auto-exploring this place.
 F = Levels seen in this place.
 G = Mean time per level.
                   A        B        C        D        E       F      G
               +--------+--------+--------+--------+--------+-----+--------+
         Total |   8425 |   8229 |    196 |   2071 |   4703 |   8 | 1053.1 |
       Dungeon |   8425 |   8229 |    196 |   2071 |   4703 |   8 | 1053.1 |
               +--------+--------+--------+--------+--------+-----+--------+

Top non-repeatable levels by time:
     D:7: 2140 daAuts
     D:3: 1206 daAuts
     D:6: 1114 daAuts
     D:2: 954 daAuts
     D:1: 934 daAuts
     D:5: 924 daAuts
     D:4: 658 daAuts
     D:8: 491 daAuts
